[Event "Titled Tuesday Blitz May 9 Early 2023"]
[White "Van Baar, Esper"]
[Black "Brueckner, Thomas"]
[WhiteFideId "1049321"]
[BlackFideId "4600452"]
[WhiteElo "2165"]
[BlackElo "2322"]
[Result "1/2-1/2"]
[Round "11"]
[TimeControl "180+2"]
[Date "2023.05.09"]
[WhiteClock "0:00:02"]
[BlackClock "0:00:03"]

1. e4 e5 2. Nf3 Nc6 3. Bb5 a6 4. Ba4 Nf6 5. O-O Be7 6. d3 b5 7. Bb3 d6 8. a4 Bd7 9. Nc3 Na5 10. Ba2 b4 11. Nd5 Nxd5 12. Bxd5 c6 13. Ba2 c5 14. Be3 O-O 15. Nd2 Nc6 16. Bd5 a5 17. f4 exf4 18. Bxf4 Ra6 19. Nc4 Be6 20. Ne3 Bf6 21. Rb1 Ne7 22. Bxe6 fxe6 23. Qg4 Qc8 24. Bg5 Ng6 25. Bxf6 Rxf6 26. Rxf6 gxf6 27. Rf1 Ra7 28. Rxf6 Re7 29. Nd5 Rf7 30. Qxe6 Qxe6 31. Rxe6 Ne5 32. Rxd6 c4 33. dxc4 Nxc4 34. Rd8+ Kg7 35. h4 Nxb2 36. Ra8 Nxa4 37. Rxa5 Nc3 38. Nxc3 bxc3 39. Rc5 Re7 40. Rc4 Kg6 41. Kf2 Kh5 42. Kf3 Rf7+ 43. Ke3 Kxh4 44. Rxc3 Kg3 45. Rc6 Kxg2 46. Rh6 Kg3 47. e5 Kg4 48. e6 Re7 49. c4 Kg5 50. Rh3 Rxe6+ 51. Kd4 h5 52. Kd5 Rf6 53. c5 Kg4 54. Re3 h4 55. Re6 Rf1 56. c6 Rc1 57. Rh6 h3 58. Kd6 Kg3 59. c7 Rxc7 60. Kxc7 h2 61. Rg6+ Kf2 62. Rh6 Kg2 63. Rxh2+ Kxh2 1/2-1/2


[Site "https://www.chess.com"]

[Event "Titled Tuesday Blitz May 9 Early 2023"]
[White "Sharma, Dinesh K."]
[Black "Vaglio Munoz, Jaime"]
[WhiteFideId "5004110"]
[BlackFideId "6500145"]
[WhiteElo "2334"]
[BlackElo "2199"]
[Result "1-0"]
[Round "11"]
[TimeControl "180+2"]
[Date "2023.05.09"]
[WhiteClock "0:02:32"]
[BlackClock "0:01:53"]

1. e4 e6 2. d4 d5 3. Nc3 dxe4 4. Nxe4 Nf6 5. Nxf6+ Qxf6 6. Nf3 h6 7. Bd3 Nc6 8. Be3 Bd6 9. O-O O-O 10. c3 e5 11. dxe5 Nxe5 12. Nxe5 Qxe5 13. g3 Bh3 14. Re1 Qf6 15. Be4 Rad8 16. Qf3 Qxf3 17. Bxf3 c6 18. Bxa7 c5 19. Bb6 Rd7 20. a4 Be6 21. a5 g5 22. Rad1 g4 23. Bxb7 Bb3 24. Rxd6 Rxb7 25. Bxc5 Rc8 26. Bb6 Be6 27. a6 Re7 28. a7 Ra8 29. b4 Rb7 30. Bd4 Kf8 31. Rexe6 fxe6 32. Rxe6 h5 33. Rh6 Rbxa7 34. Bxa7 Rxa7 35. Rxh5 Kf7 36. Rh7+ Kg6 37. Rxa7 Kg5 38. Ra5+ 1-0


[Site "https://www.chess.com"]

[Event "Titled Tuesday Blitz May 9 Early 2023"]
[White "Sadovsky, Artem"]
[Black "Fabris, Alberto"]
[WhiteFideId "4155840"]
[BlackFideId "801348"]
[WhiteElo "2314"]
[BlackElo "2175"]
[Result "1-0"]
[Round "11"]
[TimeControl "180+2"]
[Date "2023.05.09"]
[WhiteClock "0:02:14"]
[BlackClock "0:00:48"]

1. Nf3 Nf6 2. e3 d5 3. c4 e6 4. b3 Be7 5. Bb2 O-O 6. Be2 c5 7. O-O b6 8. cxd5 Nxd5 9. d4 Bf6 10. e4 Nf4 11. e5 Nxe2+ 12. Qxe2 Be7 13. Qe4 Qd5 14. Qxd5 exd5 15. Nc3 Bb7 16. Rfd1 Rd8 17. Rac1 Na6 18. Nb5 Bc6 19. Nd6 Bxd6 20. exd6 Rxd6 21. dxc5 bxc5 22. Ba3 Nb4 23. Rxc5 a5 24. Rxa5 Rxa5 25. Bxb4 Rg6 26. Bxa5 d4 27. Rxd4 h6 28. Nh4 Rg5 29. Bd2 1-0


[Site "https://www.chess.com"]

[Event "Titled Tuesday Blitz May 9 Early 2023"]
[White "Wessendorf, Thomas, Dr."]
[Black "Melikhov, Evgeny V."]
[WhiteFideId "4604270"]
[BlackFideId "4122046"]
[WhiteElo "2280"]
[BlackElo "2158"]
[Result "1-0"]
[Round "11"]
[TimeControl "180+2"]
[Date "2023.05.09"]
[WhiteClock "0:00:18"]
[BlackClock "0:00:32"]

1. e4 c5 2. Nf3 d6 3. d4 cxd4 4. Nxd4 Nf6 5. Nc3 a6 6. Be3 e5 7. Nb3 Be6 8. Qd2 Be7 9. f4 exf4 10. Bxf4 Nc6 11. O-O-O O-O 12. Bxd6 Bxd6 13. Qxd6 Qxd6 14. Rxd6 Rac8 15. Be2 b5 16. Bf3 b4 17. Nd5 Ne5 18. Ne7+ Kh8 19. Nxc8 Rxc8 20. Rhd1 h5 21. Rd8+ Kh7 22. Rxc8 Bxc8 23. Nc5 h4 24. Rd8 Nxf3 25. gxf3 Bh3 26. Nxa6 Bg2 27. e5 Nh5 28. Nxb4 Bxf3 29. a4 g5 30. a5 Nf4 31. a6 g4 32. Kd2 g3 33. hxg3 h3 34. Rd4 Ng6 35. Nd3 h2 36. Nf2 h1=Q 37. Nxh1 Bxh1 38. a7 Kg7 39. Rd8 Nxe5 40. a8=Q Bxa8 41. Rxa8 Kf6 42. b4 Ke6 43. Ke3 Kd6 44. Rc8 Kd7 45. Rc5 Ng4+ 46. Kf4 Nf6 47. c4 Kd6 48. Ra5 Ne8 49. Ra6+ Kc7 50. Ra7+ Kb6 51. Rxf7 Kc6 52. Re7 Nd6 53. Re6 1-0


[Site "https://www.chess.com"]

[Event "Titled Tuesday Blitz May 9 Early 2023"]
[White "Da Silva, Lindolfo Luiz"]
[Black "Kuchava, Ana"]
[WhiteFideId "2106558"]
[BlackFideId "13605348"]
[WhiteElo "2424"]
[BlackElo "2001"]
[Result "1-0"]
[Round "11"]
[TimeControl "180+2"]
[Date "2023.05.09"]
[WhiteClock "0:00:33"]
[BlackClock "0:00:00"]

1. d4 d5 2. g3 Nf6 3. Bg2 Bf5 4. c4 c6 5. Nc3 e6 6. Qb3 Qb6 7. c5 Qxb3 8. axb3 a6 9. b4 Nbd7 10. f3 Rc8 11. e4 dxe4 12. fxe4 Bg6 13. Nge2 Be7 14. O-O O-O 15. h3 Rfd8 16. Be3 h6 17. Rfd1 Nf8 18. d5 exd5 19. exd5 cxd5 20. Nxd5 Nxd5 21. Bxd5 Rc7 22. Nf4 Rcd7 23. Nxg6 Nxg6 24. Bf3 Ne5 25. Rxd7 Nxf3+ 26. Kf2 Rxd7 27. Kxf3 Bf6 28. c6 bxc6 29. Rxa6 Rc7 30. b3 Kf8 31. Ra8+ Ke7 32. Bb6 Rb7 33. Bc5+ Ke6 34. Ke4 Bc3 35. Re8+ Kf6 36. Rd8 Bxb4 37. Rd6+ Kg5 38. Be3+ Kh5 39. Rxc6 Re7+ 40. Kf3 Re6 41. Rc4 Bd6 42. b4 Re5 43. Rc6 Bxb4 44. g4+ Kh4 45. Bf4 Rd5 46. Rb6 Bc5 47. Rb5 Rd3+ 48. Ke4 Rc3 49. Be5 Rc2 50. Kd3 Rc1 51. Bf4 Rd1+ 52. Ke2 Rd5 53. Rb3 Bd4 54. Kf3 Be5 55. Ke4 1-0


[Site "https://www.chess.com"]

[Event "Titled Tuesday Blitz May 9 Early 2023"]
[White "Samaganova, Aleksandra"]
[Black "Fajdetic, Hrvoje"]
[WhiteFideId "13800221"]
[BlackFideId "14501945"]
[WhiteElo "1858"]
[BlackElo "2185"]
[Result "0-1"]
[Round "11"]
[TimeControl "180+2"]
[Date "2023.05.09"]
[WhiteClock "0:00:02"]
[BlackClock "0:00:08"]

1. c4 f5 2. Nc3 e5 3. g3 Nf6 4. Bg2 d6 5. e3 c6 6. Nge2 Be7 7. O-O O-O 8. d4 Na6 9. a3 Nc7 10. b4 Qe8 11. b5 e4 12. bxc6 bxc6 13. Rb1 Ba6 14. Qb3 Qf7 15. d5 cxd5 16. cxd5 Ncxd5 17. Re1 Nxc3 18. Qxc3 Rfc8 19. Qa5 Bd3 20. Ra1 Qd5 21. Qa4 Rc4 22. Qb3 Bxe2 23. Bb2 Bd3 24. Bf1 Rac8 25. Qd1 Bxf1 26. Kxf1 Qxd1 27. Rexd1 Rc2 28. Bd4 Ng4 29. Bxa7 Rxf2+ 30. Kg1 Rcc2 31. Rab1 Rg2+ 32. Kh1 Rxh2+ 33. Kg1 Rcg2+ 34. Kf1 Rf2+ 35. Kg1 Rb2 36. Rbc1 Rhc2 37. Bd4 Ra2 38. Rb1 h6 39. Rbc1 Bf6 40. Rxc2 Rxc2 41. Bb6 Be5 42. Bd8 Bxg3 43. Be7 Be5 44. Bd8 Rg2+ 45. Kf1 Nxe3+ 46. Ke1 Bc3+ 47. Rd2 Bxd2# 0-1


[Site "https://www.chess.com"]

[Event "Titled Tuesday Blitz May 9 Early 2023"]
[White "Dahlgren, James Allen"]
[Black "Llanos, Guillermo"]
[WhiteFideId "22256873"]
[BlackFideId "100358"]
[WhiteElo "2206"]
[BlackElo "2225"]
[Result "0-1"]
[Round "11"]
[TimeControl "180+2"]
[Date "2023.05.09"]
[WhiteClock "0:00:11"]
[BlackClock "0:00:47"]

1. f4 e5 2. Nf3 exf4 3. d4 g5 4. e4 fxe3 5. Bxe3 g4 6. Ne5 d6 7. Nxg4 Qh4+ 8. Nf2 Qe7 9. Qd3 Bh6 10. Kd2 Bf5 11. Qe2 Qxe3+ 12. Qxe3+ Bxe3+ 13. Kxe3 Bxc2 14. Nc3 c6 15. Nd3 Ne7 16. Ne4 Nf5+ 17. Kd2 Bxd3 18. Bxd3 d5 19. Nf6+ Ke7 20. Nxh7 Nxd4 21. Rae1+ Ne6 22. Rhf1 Nd7 23. Ng5 Raf8 24. h3 Rh5 25. Nxe6 fxe6 26. Rxf8 Nxf8 27. Be2 Re5 28. Bg4 Rxe1 29. Kxe1 Ng6 30. g3 c5 31. h4 Kf6 32. Kf2 Ne5 33. Be2 c4 34. Ke3 b5 35. Kd4 a6 36. Kc5 Nd3+ 37. Kb6 Nxb2 38. Kxa6 c3 0-1


[Site "https://www.chess.com"]

[Event "Titled Tuesday Blitz May 9 Early 2023"]
[White "Acikel, Mert"]
[Black "Todorovic, Bojan"]
[WhiteFideId "12956465"]
[BlackFideId "917087"]
[WhiteElo "2097"]
[BlackElo "2266"]
[Result "1/2-1/2"]
[Round "11"]
[TimeControl "180+2"]
[Date "2023.05.09"]
[WhiteClock "0:00:13"]
[BlackClock "0:00:16"]

1. e4 Nf6 2. e5 Nd5 3. d4 d6 4. c4 Nb6 5. exd6 cxd6 6. Nc3 g6 7. Be3 Bg7 8. Rc1 O-O 9. b3 Nc6 10. d5 Ne5 11. Be2 f5 12. f4 Ng4 13. Bd4 e5 14. dxe6 Bxe6 15. Bxg7 Kxg7 16. Nf3 Qf6 17. O-O Ne3 18. Qd4 Nxf1 19. Rxf1 Qxd4+ 20. Nxd4 Rfe8 21. Bf3 Rab8 22. Ncb5 d5 23. c5 Nd7 24. Nc7 Nxc5 25. Nxe8+ Rxe8 26. Nxe6+ Rxe6 27. Bxd5 Re2 28. a4 Kf6 29. Rd1 a5 30. Bc4 Rb2 31. Rd6+ Ke7 32. Rb6 Kd7 33. Rb5 Ne4 34. h3 Rf2 35. Rxb7+ Kd6 36. Rxh7 Rxf4 37. Ra7 Nd2 38. Bg8 Rf1+ 39. Kh2 f4 40. Ra6+ Ke5 41. Rxg6 Rf2 42. h4 Nf3+ 43. Kh3 Kf5 44. Ra6 Ng1+ 45. Kh2 Nf3+ 46. Kh3 Ng1+ 47. Kh2 Nf3+ 48. Kh3 1/2-1/2


[Site "https://www.chess.com"]

[Event "Titled Tuesday Blitz May 9 Early 2023"]
[White "Vifleemskaia, Svetlana"]
[Black "KSho99"]
[WhiteFideId "4129490"]
[WhiteElo "1930"]
[BlackElo "2159"]
[Result "1-0"]
[Round "11"]
[TimeControl "180+2"]
[Date "2023.05.09"]
[WhiteClock "0:00:42"]
[BlackClock "0:00:00"]

1. d4 d5 2. c4 e6 3. Nc3 a6 4. cxd5 exd5 5. Bf4 Nf6 6. e3 Bd6 7. Bg3 c6 8. Bd3 Bg4 9. Qc2 a5 10. a4 Na6 11. Qb3 Nb4 12. Bb1 O-O 13. Nge2 Re8 14. O-O Bxg3 15. Nxg3 Qd6 16. Na2 Nxa2 17. Rxa2 Qb4 18. Qd3 Qc4 19. b3 Qxd3 20. Bxd3 Ne4 21. Nxe4 dxe4 22. Bc4 Be6 23. Rc1 Bxc4 24. bxc4 Re7 25. Rb2 f5 26. g3 Kf7 27. Kf1 Ke6 28. Rcb1 Ra7 29. Rb6 Rc7 30. h4 Kd6 31. Ke2 Rf7 32. Rg1 Kc7 33. c5 Ra8 34. Rgb1 Rb8 35. Kd2 Kc8 36. Kc3 Rc7 37. Kc4 Rd7 38. Rg1 Kc7 39. g4 Rf8 40. Rb2 f4 41. g5 Kc8 42. Rg4 Rdf7 43. d5 Rf5 44. dxc6 bxc6 45. Rb6 Kc7 46. Ra6 fxe3 47. fxe3 Rf3 48. Rxe4 1-0


[Site "https://www.chess.com"]

[Event "Titled Tuesday Blitz May 9 Early 2023"]
[White "Ciuffoletti, Paolo"]
[Black "Srdanovic, Jovana"]
[WhiteFideId "807630"]
[BlackFideId "954810"]
[WhiteElo "2143"]
[BlackElo "2169"]
[Result "0-1"]
[Round "11"]
[TimeControl "180+2"]
[Date "2023.05.09"]
[WhiteClock "0:01:01"]
[BlackClock "0:01:30"]

1. e4 c6 2. d4 d5 3. exd5 cxd5 4. c4 Nf6 5. Nc3 g6 6. Qb3 Bg7 7. cxd5 O-O 8. Be2 Nbd7 9. Bf3 b6 10. Nge2 Rb8 11. Bf4 Ra8 12. d6 Ba6 13. Bxa8 Qxa8 14. dxe7 Re8 15. O-O Rxe7 16. Rfe1 Qc6 17. d5 Qc8 18. Nd4 Rxe1+ 19. Rxe1 Bc4 20. Qc2 Nh5 21. Qb3 Bxb3 22. Nc6 Bf8 23. Ne7+ Bxe7 0-1


[Site "https://www.chess.com"]

[Event "Titled Tuesday Blitz May 9 Early 2023"]
[White "Tarnowska, Aleksandra"]
[Black "Butti, Enrique"]
[WhiteFideId "1180967"]
[BlackFideId "3700470"]
[WhiteElo "1776"]
[BlackElo "2080"]
[Result "1-0"]
[Round "11"]
[TimeControl "180+2"]
[Date "2023.05.09"]
[WhiteClock "0:00:47"]
[BlackClock "0:01:21"]

1. e4 c5 2. Nf3 d6 3. Bb5+ Bd7 4. Bxd7+ Qxd7 5. O-O Nc6 6. d4 cxd4 7. Nxd4 Nf6 8. Nc3 e6 9. Bg5 Be7 10. Nxc6 bxc6 11. Re1 e5 12. Qd2 h6 13. Bxf6 Bxf6 14. Rad1 Rd8 15. Ne2 d5 16. Ng3 g6 17. Qb4 Qd6 18. Qa5 Qe7 19. exd5 cxd5 20. Rxd5 Rxd5 21. Qxd5 O-O 22. Ne4 Bg7 23. c4 Rd8 24. Qa5 f5 25. Nc3 e4 26. Nd5 Qb7 27. Qxd8+ Kh7 28. Ne7 Qxb2 29. Qg8# 1-0


[Site "https://www.chess.com"]

[Event "Titled Tuesday Blitz May 9 Early 2023"]
[White "Winkels, Marcel"]
[Black "Panico, Nick"]
[WhiteFideId "1003887"]
[BlackFideId "2026724"]
[WhiteElo "1900"]
[BlackElo "1982"]
[Result "1/2-1/2"]
[Round "11"]
[TimeControl "180+2"]
[Date "2023.05.09"]
[WhiteClock "0:00:38"]
[BlackClock "0:01:32"]

1. d4 f5 2. Nc3 Nf6 3. Bg5 d5 4. e3 Nc6 5. Bd3 e6 6. Nf3 Be7 7. h4 O-O 8. h5 Ne4 9. Bxe7 Qxe7 10. h6 g6 11. Ne5 Qg5 12. Qf3 Nb4 13. a3 Nxd3+ 14. cxd3 Nf6 15. O-O-O Nd7 16. Kb1 Nxe5 17. dxe5 f4 18. d4 fxe3 19. Qxe3 Qxe3 20. fxe3 Rf2 21. g4 Bd7 22. e4 c6 23. exd5 cxd5 24. Rc1 Rc8 25. Rhf1 Rxf1 26. Rxf1 Rf8 27. Rxf8+ Kxf8 28. g5 Ke7 29. Kc2 Kd8 30. Kb3 Kc7 31. Kb4 b6 32. Nb5+ Bxb5 33. Kxb5 Kb7 34. a4 a6+ 35. Kb4 Kc6 36. Kc3 a5 37. b4 Kc7 38. bxa5 bxa5 39. Kb3 Kb6 40. Kc3 Kc6 41. Kd3 Kb6 42. Ke3 Kc6 43. Kf4 Kc7 44. Kf3 Kd7 45. Kf4 Kc8 46. Kf3 Kd8 47. Kf4 Ke8 48. Kf3 Kf8 49. Kf4 Kg8 50. Ke3 Kh8 51. Kd3 Kg8 52. Kc3 Kf8 53. Kb3 Ke8 54. Ka3 Kd8 55. Kb3 Kc8 56. Kc3 Kb8 57. Kd3 Ka8 1/2-1/2


[Site "https://www.chess.com"]

[Event "Titled Tuesday Blitz May 9 Early 2023"]
[White "Hercegovac, Neven"]
[Black "Ismayilova, Khanim"]
[WhiteFideId "2839135"]
[BlackFideId "13429019"]
[WhiteElo "2075"]
[BlackElo "1633"]
[Result "1-0"]
[Round "11"]
[TimeControl "180+2"]
[Date "2023.05.09"]
[WhiteClock "0:00:30"]
[BlackClock "0:00:30"]

1. Nf3 Nf6 2. g3 d5 3. Bg2 c5 4. O-O e6 5. d4 Nc6 6. c4 Be7 7. dxc5 Bxc5 8. a3 O-O 9. b4 Be7 10. Nbd2 dxc4 11. Nxc4 Qxd1 12. Rxd1 Nd5 13. Bb2 Bf6 14. Bxf6 Nxf6 15. Nfe5 Nxe5 16. Nxe5 Rb8 17. Rac1 b6 18. Rc7 Ba6 19. Bf3 Bb5 20. Rxa7 h6 21. a4 Be8 22. a5 bxa5 23. bxa5 Rb5 24. Nc6 Bxc6 25. Bxc6 Rc5 26. Bf3 Nd5 27. a6 Ra5 28. e3 Rb8 29. Rd2 Rd8 30. e4 Ra1+ 31. Bd1 Rb8 32. exd5 Rbb1 33. dxe6 Rxd1+ 34. Rxd1 Rxd1+ 35. Kg2 fxe6 36. Re7 Ra1 37. Rxe6 Kf7 38. Rb6 Kg8 39. h4 Kh7 40. h5 Ra2 41. Kf3 Ra4 42. Ke3 Kg8 43. f3 Kf7 44. Rb7+ Kf6 45. a7 Ra5 46. g4 Ra4 47. Kd3 Ra1 48. Kc4 Rc1+ 49. Kb5 Rb1+ 50. Kc6 Rc1+ 51. Kd7 Ra1 52. Kc8 Kg5 53. Rxg7+ Kf4 54. Rf7+ Kg3 55. Kb8 Rb1+ 56. Rb7 Ra1 57. a8=Q Rxa8+ 58. Kxa8 Kxf3 59. Rg7 Kf4 60. Rg6 Ke5 61. Kb8 Kf4 62. Kc8 Kg3 63. Kd8 Kh4 64. Ke8 Kh3 65. Kf8 Kg3 66. Kg7 Kg2 67. Kxh6 Kg3 68. Kg7 Kh4 69. h6 Kg3 70. h7 Kg2 71. h8=Q Kg3 72. Kg8 Kf3 73. Rg7 Kg3 74. Rh7 Kf3 75. Kf8 Kf4 76. g5 Kg3 77. g6 Kf3 78. g7 Kf4 79. g8=R Ke4 80. Rg6 Ke3 81. Rh5 Kf3 82. Qf6+ Ke3 83. Re5+ Kd4 84. Qd6+ Kc4 85. Rc5+ Kb4 86. Qb6+ Ka4 87. Ra5# 1-0


[Site "https://www.chess.com"]

[Event "Titled Tuesday Blitz May 9 Early 2023"]
[White "Kiseljova, Marya"]
[Black "Flis, Pawel"]
[WhiteFideId "4155009"]
[BlackFideId "1112864"]
[WhiteElo "1831"]
[BlackElo "1822"]
[Result "1-0"]
[Round "11"]
[TimeControl "180+2"]
[Date "2023.05.09"]
[WhiteClock "0:00:17"]
[BlackClock "0:00:07"]

1. d4 c5 2. d5 Nf6 3. Nc3 e6 4. e4 d6 5. Nf3 exd5 6. exd5 Be7 7. Be2 O-O 8. O-O Na6 9. h3 Nc7 10. a4 b6 11. Bf4 Bb7 12. Re1 Ncxd5 13. Nxd5 Nxd5 14. Bg3 Nf6 15. a5 d5 16. c3 Ne4 17. Bf4 Bh4 18. g3 Bf6 19. Qb3 Bc6 20. axb6 axb6 21. Rxa8 Bxa8 22. Bb5 Qc8 23. Bf1 Qc6 24. Bb5 Qc8 25. Kh2 h6 26. Bf1 Nxf2 27. Qxb6 d4 28. Ne5 Qb7 29. Qxb7 Bxb7 30. Nd7 Rd8 31. Nxc5 Bc6 32. cxd4 Bxd4 33. b4 Bc3 34. Rb1 Ne4 35. Rb3 Nxc5 36. Rxc3 Ne4 37. Rxc6 Nd2 38. Bxd2 Rxd2+ 39. Bg2 Kf8 40. b5 Rb2 41. b6 Ke7 42. Rc7+ Kf6 43. b7 g6 44. Rc8 Rxb7 45. Bxb7 Ke5 46. Rf8 f5 47. h4 g5 48. hxg5 hxg5 49. Bc8 f4 50. gxf4+ gxf4 51. Kg2 Ke4 52. Kf2 f3 53. Rxf3 Kd4 54. Re3 Kd5 55. Bf5 Kd6 56. Kf3 Kd5 57. Kf4 Kd4 58. Rd3+ Kc4 59. Ke5 Kc5 60. Rc3+ Kb4 61. Kd4 Kb5 62. Rc4 Kb6 63. Rc5 Kb7 64. Kd5 Kb6 65. Be4 Kb7 66. Rc6 Ka7 67. Kd6 Ka8 68. Kc7 Ka7 69. Bd3 Ka8 70. Ra6# 1-0


[Site "https://www.chess.com"]

[Event "Titled Tuesday Blitz May 9 Early 2023"]
[White "Stead, Kerry"]
[Black "Srebrnic, Ana"]
[WhiteFideId "3202577"]
[BlackFideId "14603314"]
[WhiteElo "1997"]
[BlackElo "2181"]
[Result "1-0"]
[Round "11"]
[TimeControl "180+2"]
[Date "2023.05.09"]
[WhiteClock "0:00:20"]
[BlackClock "0:00:05"]

1. d4 Nf6 2. f3 d5 3. e4 dxe4 4. Nc3 exf3 5. Nxf3 e6 6. Bg5 Be7 7. Bd3 Nc6 8. Qd2 a6 9. O-O-O Bd7 10. Rhf1 Nd5 11. Bxe7 Ndxe7 12. Ne4 Nd5 13. a3 Qe7 14. c4 Nf6 15. Qc3 O-O-O 16. Nxf6 gxf6 17. Nd2 Be8 18. Nb3 Nb8 19. Be4 Bc6 20. Nd2 Bxe4 21. Nxe4 Nc6 22. Nxf6 h5 23. g3 Rh6 24. Ne4 e5 25. d5 Nd4 26. Rde1 Rf8 27. c5 f5 28. d6 Qg7 29. Nd2 Qg5 30. Kb1 cxd6 31. cxd6+ Kb8 32. Rxe5 Nc6 33. Rc5 Qf6 34. Qxf6 Rfxf6 35. Nc4 Nd8 36. Rcxf5 Rxf5 37. Rxf5 b5 38. Ne5 Rxd6 39. Rxh5 Rd1+ 40. Kc2 Rh1 41. Rh8 Kc7 42. Rh7+ Kd6 43. Nd3 Ne6 44. Rh6 Ke7 45. h4 Rh2+ 46. Kc3 Kf7 47. Rh7+ Kf6 48. Ra7 Rh3 49. Rxa6 Rxg3 50. a4 Kf5 51. axb5 Nf4 52. Rd6 Ke4 53. Rd4+ Ke3 54. Rxf4 Ke2 55. Rf2+ Ke3 56. Rf5 Ke2 57. Rd5 Kd1 58. b6 Ke2 59. b7 Rg1 60. b8=Q Kd1 61. Nb4+ Ke2 62. Qe8+ Kf1 63. Rf5+ Kg2 64. Rg5+ Kh1 65. Qe4+ Kh2 66. Rxg1 Kxg1 67. Nd3 Kh2 68. Qg4 Kh1 69. Nf4 Kh2 70. Qg2# 1-0


[Site "https://www.chess.com"]

[Event "Titled Tuesday Blitz May 9 Early 2023"]
[White "Sanchez, Robert"]
[Black "Lakshmi C"]
[WhiteFideId "2034360"]
[BlackFideId "25035347"]
[WhiteElo "1871"]
[BlackElo "1942"]
[Result "0-1"]
[Round "11"]
[TimeControl "180+2"]
[Date "2023.05.09"]
[WhiteClock "0:01:07"]
[BlackClock "0:00:01"]

1. Nf3 Nf6 2. e3 e6 3. c4 d6 4. b3 c5 5. Bb2 Nc6 6. d4 Qc7 7. Nc3 a6 8. Bd3 Nb4 9. Bb1 Bd7 10. a3 Nc6 11. O-O e5 12. dxc5 dxc5 13. Nd5 Qb8 14. Nb6 Ra7 15. Nxd7 Nxd7 16. Be4 Nd8 17. Bf5 b6 18. Qc2 Bd6 19. Rfd1 g6 20. Bxd7+ Rxd7 21. Qe4 f6 22. h4 O-O 23. h5 Kg7 24. hxg6 hxg6 25. Qg4 f5 26. Qg5 Nf7 27. Qg3 Kh7 28. Rd5 Re7 29. Rad1 Bc7 30. Rd7 Rxd7 31. Rxd7 Qc8 32. Ng5+ 0-1


[Site "https://www.chess.com"]

[Event "Titled Tuesday Blitz May 9 Early 2023"]
[White "Maluco_do_Natal_00"]
[Black "Necula, Iulian"]
[BlackFideId "1232380"]
[WhiteElo "2022"]
[BlackElo "1790"]
[Result "1-0"]
[Round "11"]
[TimeControl "180+2"]
[Date "2023.05.09"]
[WhiteClock "0:00:05"]
[BlackClock "0:00:38"]

1. e4 d6 2. d4 Nf6 3. Bd3 e5 4. c3 g6 5. Nf3 Bg7 6. O-O O-O 7. h3 h6 8. Be3 Nc6 9. a3 a6 10. b4 Re8 11. Nbd2 d5 12. dxe5 Nxe5 13. Nxe5 Rxe5 14. f4 Re8 15. e5 Nh5 16. Qe1 f6 17. Bxg6 fxe5 18. Bxh5 Re7 19. Bc5 Re6 20. fxe5 Rxe5 21. Bf7+ Kh8 22. Qg3 Rg5 23. Qd3 b6 24. Bd4 c5 25. bxc5 bxc5 26. Bxg7+ Rxg7 27. Bxd5 Bxh3 28. Qxh3 Qxd5 29. Qxh6+ Rh7 30. Rf8+ Rxf8 31. Qxf8+ Qg8 32. Qxg8+ Kxg8 33. Nf3 Rd7 34. Re1 Rd3 35. Rc1 a5 36. Kf2 a4 37. Ke2 Rd5 38. Rb1 c4 39. Rb4 Rc5 40. Rxa4 Kg7 41. Nd4 Kf6 42. Ke3 Re5+ 43. Kf4 Re1 44. Rxc4 Rf1+ 45. Kg3 Ra1 46. a4 Ke5 47. Nf3+ Kd5 48. Rd4+ Kc5 49. Kf4 Ra3 50. Rd3 Kc4 51. Re3 Kd5 52. Re4 Rxc3 53. g4 Rc8 54. Re5+ Kd6 55. Rf5 Rf8 56. Rxf8 Ke7 57. Rf5 Ke6 58. a5 Kd6 59. a6 Kc7 60. a7 1-0


[Site "https://www.chess.com"]

[Event "Titled Tuesday Blitz May 9 Early 2023"]
[White "Larina, Maria"]
[Black "Hartikainen, Jarmo"]
[WhiteFideId "24113182"]
[BlackFideId "503134"]
[WhiteElo "1848"]
[BlackElo "2083"]
[Result "1-0"]
[Round "11"]
[TimeControl "180+2"]
[Date "2023.05.09"]
[WhiteClock "0:00:10"]
[BlackClock "0:00:13"]

1. e4 c5 2. Nc3 Nc6 3. g3 g6 4. Bg2 Bg7 5. d3 e6 6. Be3 b6 7. Qd2 h6 8. h4 Nge7 9. h5 d5 10. exd5 exd5 11. hxg6 d4 12. gxf7+ Kxf7 13. O-O-O dxc3 14. bxc3 Qd6 15. Bf4 Qf6 16. Ne2 Bb7 17. g4 Qe6 18. Kb1 Ng6 19. Bxh6 Bxh6 20. Rxh6 Rxh6 21. Qxh6 Rh8 22. Qd2 Na5 23. Bxb7 Nxb7 24. Nf4 Nxf4 25. Qxf4+ Ke7 26. Qc7+ Kf6 27. Qxb7 Rh2 28. Qf3+ Kg7 29. Qg3 Qh6 30. Qc7+ Kg8 31. Qb8+ Kg7 32. Qxa7+ Kg8 33. Qb8+ Kg7 34. Qc7+ Kg8 35. Re1 Rh1 36. Qd8+ Kg7 37. Qe7+ Kg8 38. Kb2 Rxe1 39. Qxe1 Qf4 40. Qe6+ Kg7 41. Qf5 Qd6 42. f4 b5 43. Qe5+ Qxe5 44. fxe5 Kf7 45. d4 Ke6 46. dxc5 Kxe5 47. g5 Kf5 48. c6 Ke6 49. c7 Kd7 50. g6 Kxc7 51. g7 b4 52. g8=Q bxc3+ 53. Kxc3 Kd6 54. Qg5 Kc6 55. a4 1-0


[Site "https://www.chess.com"]

[Event "Titled Tuesday Blitz May 9 Early 2023"]
[White "Vargas, Mauricio"]
[Black "Jesusesmifuerza"]
[WhiteFideId "4404572"]
[WhiteElo "1986"]
[BlackElo "2107"]
[Result "0-1"]
[Round "11"]
[TimeControl "180+2"]
[Date "2023.05.09"]
[WhiteClock "0:00:00"]
[BlackClock "0:00:11"]

1. e4 e6 2. f4 d5 3. e5 h5 4. Nf3 Nh6 5. g3 Be7 6. h3 c5 7. Bg2 Nf5 8. Kf2 Nc6 9. d3 Qb6 10. c3 d4 11. c4 Qc7 12. a3 Bd7 13. Qe1 f6 14. exf6 Bxf6 15. Nbd2 h4 16. g4 Ne3 17. Rb1 Qxf4 18. Kg1 Ne5 19. Nxe5 Bxe5 20. Ne4 Bc6 21. Bxe3 Qxe3+ 22. Qxe3 dxe3 23. Nxc5 e2 24. Bxc6+ bxc6 25. Kf2 Bd4+ 26. Kxe2 Bxc5 27. Rhe1 Bd4 28. Kd2 e5 29. b4 Ke7 30. Re4 Rhf8 31. Rbe1 Rf2+ 32. Kd1 Kd7 0-1


[Site "https://www.chess.com"]

[Event "Titled Tuesday Blitz May 9 Early 2023"]
[White "Floresvillar Gonzalez, Luis Migu"]
[Black "Cramling Bellon, Anna"]
[WhiteFideId "5100542"]
[BlackFideId "32009232"]
[WhiteElo "2040"]
[BlackElo "1976"]
[Result "1/2-1/2"]
[Round "11"]
[TimeControl "180+2"]
[Date "2023.05.09"]
[WhiteClock "0:00:03"]
[BlackClock "0:00:02"]

1. e4 d6 2. d4 e6 3. Nc3 Nd7 4. Bc4 Nb6 5. Bb3 Ne7 6. a4 a5 7. Bg5 f6 8. Be3 d5 9. f4 dxe4 10. Nxe4 Ned5 11. Bd2 Bd6 12. Qf3 O-O 13. Ne2 f5 14. Ng5 h6 15. Nh3 c5 16. c4 Nb4 17. O-O cxd4 18. Nxd4 Bc5 19. Be3 Bxd4 20. Rad1 Bxe3+ 21. Qxe3 Qc7 22. Nf2 Bd7 23. Rd4 Rae8 24. Rfd1 Bxa4 25. Bxa4 Nxa4 26. Rd7 Qc5 27. Qb3 Nb6 28. Rxb7 Nxc4 29. h3 Rf7 30. Rxf7 Kxf7 31. Rd7+ Kg8 32. Rd1 Ne3 33. Re1 Ned5 34. Rf1 Qe3 35. Qa4 Rc8 36. Qd7 Rc2 37. Qe8+ Kh7 38. h4 Nd3 39. h5 Nxf2 40. Qg6+ Kg8 41. Qe8+ Kh7 42. Qg6+ Kg8 43. Qe8+ Kh7 1/2-1/2